 Dungeon Crawl Stone Soup version 0.21.1-1-g345015f (webtiles) character file.

9799 Shandris the Cleaver (level 11, -8/101 HPs)
             Began as a Minotaur Chaos Knight on June 6, 2018.
             Mangled by a komodo dragon (42 damage)
             ... on level 1 of the Lair of Beasts.
             The game lasted 02:14:14 (8075 turns).

Shandris the Cleaver (Minotaur Chaos Knight)        Turns: 8075, Time: 02:14:15

Health: -8/101     AC: 11    Str: 20    XL:     11   Next: 27%
Magic:  10/10      EV: 14    Int:  9    God:    Xom [.....*]
Gold:   558        SH:  0    Dex: 10    Spells: 10/10 levels left

rFire    + . .     SeeInvis .   a - +5 hand axe (chaos) {Crudux Cruo}
rCold    . . .     Gourm    .   (no shield)
rNeg     . . .     Faith    .   j - +4 ring mail {rF+}
rPois    .         Spirit   .   (helmet restricted)
rElec    .         Reflect  .   (no cloak)
rCorr    .         Harm     .   g - +0 pair of gloves
MR       .....                  p - +0 pair of boots
Stlth    +.........             h - amulet of rage
HPRegen  0.26/turn              (no ring)
MPRegen  0.12/turn              (no ring)

@: no status effects
A: retaliatory headbutt, horns 2, deformed body, subdued magic 1, MP-powered
wands
a: Renounce Religion, Evoke Berserk Rage


You were on level 1 of the Lair of Beasts.
You worshipped Xom.
You were Xom's teddy bear.
You were not hungry.

You visited 3 branches of the dungeon, and saw 12 of its levels.

You collected 656 gold pieces.
You spent 98 gold pieces at shops.

Inventory:

Hand Weapons
 a - a +5 hand axe of chaos (weapon) {Crudux Cruo}
Armour
 g - a +0 pair of gloves (worn)
 j - a +4 ring mail of fire resistance (worn)
 p - a +0 pair of boots (worn)
Jewellery
 h - an amulet of rage (around neck)
Wands
 e - a wand of acid (20)
 q - a wand of digging (10)
Scrolls
 b - a scroll of immolation
 i - 2 scrolls of identify
 k - a scroll of remove curse
 l - a scroll of teleportation
Potions
 d - a potion of brilliance
 m - a potion of cancellation
 n - a potion of curing
 s - a potion of haste
Miscellaneous
 o - a sack of spiders
Comestibles
 c - 23 rations
 r - 3 chunks of flesh


   Skills:
 * Level 10.8 Fighting
 + Level 14.1 Axes
 + Level 9.1 Armour
 * Level 7.2 Dodging
 - Level 0.2 Stealth
 - Level 0.2 Evocations


You had 10 spell levels left.
You didn't know any spells.

Dungeon Overview and Level Annotations

Branches:
Dungeon (10/15)            Temple (1/1) D:5            Lair (1/6) D:10
    Orc: D:9-12

Altars:
Ashenzari
Elyvilon
Fedhas
Gozag
Hepliaklqana
Makhleb
Nemelex Xobeh
Ru
Vehumet
Wu Jian
Xom
Zin
The Shining One

Shops:
D:10 :?[


Innate Abilities, Weirdness & Mutations

You reflexively headbutt those who attack you in melee.
You have a pair of horns on your head.
Armour fits poorly on your strangely shaped body.
Your spells are a little easier to cast, but a little less powerful.
You expend magic power (3 MP) to strengthen your wands.


Message History

A bullfrog comes into view.
Your white imp gestures at the komodo dragon.
The puff of frost hits the komodo dragon.
You closely miss the bullfrog. You completely miss the komodo dragon.
The komodo dragon bites you!!!
* * * LOW HITPOINT WARNING * * *
Your white imp gestures at the komodo dragon.
The puff of frost hits the komodo dragon.
The komodo dragon bites your white imp!
Your white imp dies!
The bullfrog closely misses you. You furiously retaliate!
You headbutt the bullfrog. The bullfrog hits you.
* * * LOW HITPOINT WARNING * * *
The komodo dragon rages.
You feel much better.
The bullfrog hits you but does no damage.
The komodo dragon bites you!!!
You die...
Xom guffaws!

[...... #...## .....##
#....# ##....## ##...##
#......### #.....#
#.#.......### ##...P#
#..........### #...###
#...###......#######...##.
##.# #.Fl................
## #..@................
##...####............
#....# #....##.....##
#.#.## ##....##....## P
##### #....###(...##
#...## #.....# ##.##
#....## ### #...## #...#


You could see a komodo dragon (berserk) and a bullfrog.

Vanquished Creatures
  4 two-headed ogres
  A wizard (D:9)
  The ghost of snha the Cleaver, a novice HOFi of Makhleb (D:5)
  A cyclops (shapeshifter) (D:10)
  A spiny frog (Lair:1)
  A black mamba (Lair:1)
  A hippogriff (D:10)
  A spriggan (D:10)
  Grum (D:10)
  4 large abominations (D:9)
  A human (D:10)
  The ghost of Casualgrain11 the Chopper, an amateur HuCK of Xom (D:3)
  2 wargs (D:10)
  3 water moccasins (Lair:1)
  2 orc warriors
  2 black bears
  3 ogres
  2 wolves (D:10)
  2 phantoms
  5 crocodiles
  A big kobold (D:9)
  2 bullfrogs
  3 scorpions
  6 killer bees (D:7)
  4 crimson imps
  A hound (D:10)
  A gnoll shaman (D:5)
  2 orc priests
  2 jellies
  4 orc wizards
  3 iguanas
  5 worker ants
  5 small abominations (D:9)
  A hound zombie (D:9)
  A howler monkey zombie (D:6)
  2 worker ant zombies
  7 gnolls
  2 howler monkey skeletons
  9 adders
  A shadow imp (D:7)
  3 worms
  3 dart slugs
  3 leopard geckos
  15 orcs
  3 ball pythons
  7 bats
  3 giant cockroaches
  11 goblins
  6 hobgoblins
  10 jackals
  7 kobolds
  7 quokkas
  5 frilled lizards
  A jackal zombie (D:5)
  3 rats
  A fungus (Lair:1)
189 creatures vanquished.

Vanquished Creatures (collateral kills)
  A large abomination (D:9)
  2 small abominations (D:9)
  An orc wizard (D:10)
4 creatures vanquished.

Vanquished Creatures (others)
  Psyche (D:9)
  A hound (D:5)
  A jackal (D:5)
3 creatures vanquished.

Grand Total: 196 creatures vanquished

Notes
Turn   | Place    | Note
-------+----------+-------------------------------------------
     0 | D:1      | Shandris the Minotaur Chaos Knight began the quest for the Orb.
     0 | D:1      | Reached XP level 1. HP: 19/19 MP: 0/0
   117 | D:1      | XOM: divination: detect creatures
   174 | D:1      | Reached XP level 2. HP: 27/27 MP: 1/1
   212 | D:1      | Reached skill level 4 in Axes
   798 | D:2      | Reached XP level 3. HP: 31/33 MP: 2/2
  1252 | D:2      | Found a blossoming altar of Fedhas.
  1368 | D:3      | Noticed Casualgrain11's ghost (amateur HuCK)
  1380 | D:3      | XOM: 3-stop teleportation journey
  1482 | D:3      | Reached skill level 5 in Axes
  1485 | D:3      | Reached XP level 4. HP: 32/41 MP: 3/3
  1541 | D:3      | XOM: enchant monster (good)
  1580 | D:3      | Found a faded altar of an unknown god.
  1653 | D:3      | Killed Casualgrain11's ghost
  1653 | D:3      | Reached skill level 6 in Axes
  1653 | D:3      | Reached XP level 5. HP: 47/47 MP: 4/4
  1757 | D:4      | Reached XP level 6. HP: 47/53 MP: 5/5
  1846 | D:4      | XOM: cloud trail
  1895 | D:5      | Entered Level 5 of the Dungeon
  2003 | D:5      | Reached skill level 7 in Axes
  2011 | D:5      | Noticed snha's ghost (novice HOFi)
  2011 | D:5      | XOM: destruction
  2019 | D:5      | Killed snha's ghost
  2019 | D:5      | Reached skill level 5 in Fighting
  2019 | D:5      | Reached skill level 8 in Axes
  2019 | D:5      | Reached XP level 7. HP: 61/61 MP: 6/6
  2021 | D:5      | XOM: medium Fire miscast
  2059 | D:5      | Found an opulent altar of Gozag.
  2060 | D:5      | Found a glowing silver altar of Zin.
  2178 | D:5      | Found a staircase to the Ecumenical Temple.
  2184 | Temple   | Entered the Ecumenical Temple
  2441 | D:5      | Found a radiant altar of Vehumet.
  2441 | D:5      | Found a glowing golden altar of the Shining One.
  2783 | D:5      | XOM: polymorph adder -> goblin
  3015 | D:6      | Reached skill level 9 in Axes
  3065 | D:6      | XOM: 2-stop teleportation journey
  3150 | D:7      | Reached XP level 8. HP: 69/70 MP: 7/7
  3155 | D:7      | XOM: cast spell 'Cause Fear'
  3536 | D:7      | Reached skill level 5 in Armour
  3999 | D:7      | Reached skill level 10 in Axes
  4233 | D:7      | XOM: cloud trail
  4265 | D:7      | XOM: scenery: 1 doors close
  4272 | D:7      | XOM: divination: detect creatures
  4332 | D:7      | XOM: medium Tloc miscast
  4695 | D:8      | XOM: god gift: 43 gold pieces
  5225 | D:9      | Found a shattered altar of Ashenzari.
  5231 | D:9      | XOM: destruction
  5239 | D:9      | Noticed a two-headed ogre
  5245 | D:9      | Killed a two-headed ogre
  5245 | D:9      | Reached skill level 11 in Axes
  5245 | D:9      | Reached XP level 9. HP: 80/80 MP: 8/8
  5245 | D:9      | XOM: medium Tmut miscast
  5256 | D:9      | XOM: god gift: 23 gold pieces
  5262 | D:9      | Gained mutation: Your spells are a little easier to cast, but a little less powerful. [mutagenic glow]
  5277 | D:9      | Found a burning altar of Makhleb.
  5289 | D:9      | XOM: divination: magic mapping
  5316 | D:9      | Gained mutation: Armour fits poorly on your strangely shaped body. [mutagenic glow]
  5333 | D:9      | Reached skill level 5 in Dodging
  5359 | D:9      | Gained mutation: You expend magic power (3 MP) to strengthen your wands. [mutagenic glow]
  5435 | D:9      | Noticed a two-headed ogre
  5435 | D:9      | XOM: potion effect (haste)
  5445 | D:9      | Killed a two-headed ogre
  5494 | D:9      | XOM: polymorph worker ant -> adder
  5545 | D:9      | Noticed a wizard
  5564 | D:9      | Killed a wizard
  5564 | D:9      | Reached skill level 12 in Axes
  5564 | D:9      | Reached XP level 10. HP: 24/90 MP: 9/9
  5960 | D:9      | XOM: summons 3 friendly demons
  5970 | D:9      | XOM: cleaving
  5971 | D:9      | XOM: polymorph quasit -> crimson imp
  5972 | D:9      | XOM: confuse monster(s)
  6331 | D:9      | Identified the Disquisition on Virous Moulding
  6342 | D:9      | Identified the Disquisition on Congealing Evil
  6386 | D:9      | XOM: god gift: thin smoking staff {god gift}
  6404 | D:9      | Noticed Psyche
  6414 | D:9      | Killed Psyche
  6414 | D:9      | XOM: divine lightning
  6487 | D:9      | Noticed a two-headed ogre
  6487 | D:9      | XOM: potion effect (invisibility)
  6489 | D:9      | XOM: enchant monster (good)
  6491 | D:9      | XOM: scenery: 1 doors open
  6493 | D:9      | Killed a two-headed ogre
  6493 | D:9      | Reached skill level 13 in Axes
  6553 | D:10     | Entered Level 10 of the Dungeon
  6590 | D:10     | XOM: enchant monster (good)
  6595 | D:10     | Noticed a cyclops
  6595 | D:10     | a merfolk changed into a cyclops
  6599 | D:10     | Killed a cyclops
  6599 | D:10     | Reached skill level 10 in Fighting
  6697 | D:10     | Found Azutuxt's Magic Scroll Shop.
  6706 | D:10     | Bought a scroll of identify for 22 gold pieces
  6706 | D:10     | Bought a scroll of identify for 22 gold pieces
  6720 | D:10     | XOM: summons 10 friendly demons
  6756 | D:10     | XOM: divination: detect creatures
  6757 | D:10     | Found a staircase to the Lair.
  6807 | D:10     | Noticed a two-headed ogre
  6808 | D:10     | XOM: divination: detect items
  6819 | D:10     | Killed a two-headed ogre
  6819 | D:10     | Reached XP level 11. HP: 28/101 MP: 10/10
  7101 | D:10     | Found Ryriwiti's Armour Boutique.
  7113 | D:10     | Bought a +0 pair of boots for 54 gold pieces
  7165 | D:10     | XOM: cloud trail
  7280 | D:10     | Found Jaerat's Book Shop.
  7285 | D:10     | XOM: 1-stop teleportation journey
  7286 | D:10     | Noticed Grum
  7302 | D:10     | Killed Grum
  7580 | Lair:1   | Entered Level 1 of the Lair of Beasts
  7581 | Lair:1   | XOM: divination: detect creatures
  7585 | Lair:1   | Reached skill level 14 in Axes
  7966 | Lair:1   | XOM: cleaving
  8063 | Lair:1   | XOM: summons friendly white imp
  8075 | Lair:1   | Mangled by a komodo dragon

Skill      XL: |  1  2  3  4  5  6  7  8  9 10 11 |
---------------+----------------------------------+-----
Fighting       | 4 5 7 8 10 | 10.8
Axes           | 4 5 6 8 9 11 12 13 14 | 14.1
Armour         | 3 4 6 7 8 9 |  9.1
Dodging        | 2 3 4 5 6 7 |  7.2
Stealth        | |  0.2
Evocations     | |  0.2

Action                   |  1- 3 |  4- 6 |  7- 9 | 10-12 || total
-------------------------+-------+-------+-------+-------++-------
Melee: Hand axe          |    90 |    44 |   191 |   155 ||   480
       Headbutt          |     9 |     7 |    31 |    30 ||    77
       Unarmed           |     2 |       |       |       ||     2
Throw: Stone             |     1 |       |       |       ||     1
 Abil: Evoke Berserk Rag |       |     3 |     3 |     5 ||    11
Evoke: Wand              |       |       |       |     5 ||     5
       Box of beasts     |       |       |       |     2 ||     2
       Sack of spiders   |       |       |       |     1 ||     1
  Use: Scroll            |     9 |     2 |    14 |     6 ||    31
       Potion            |     2 |     2 |     8 |     3 ||    15
 Stab: Petrifying        |       |     1 |     1 |       ||     2
       Paralysed         |       |       |     2 |     2 ||     4
       Petrified         |       |       |       |     4 ||     4
       Invisible         |       |       |       |     3 ||     3
       Distracted        |       |       |       |     2 ||     2
  Eat: Chunk             |     2 |     3 |     5 |     5 ||    15
       Ration            |       |       |     3 |     2 ||     5
Armor: Leather armour    |    41 |       |       |       ||    41
       Ring mail         |     7 |     8 |    58 |    23 ||    96
       Skin              |       |       |       |     2 ||     2
Dodge: Dodged            |    63 |    22 |   116 |    78 ||   279
